 Dungeon Crawl Stone Soup version 0.28-a0-429-g1448048969 (webtiles) character file.

Game seed: 8255022090186938963

165 timneilson the Shield-Bearer (level 5, -1/33 HPs)
             Began as a Gargoyle Fighter on Sept 11, 2021.
             Killed by divine providence
             ... invoked by an orc priest
              (12 damage)
             ... on level 4 of the Dungeon on Sept 12, 2021.
             The game lasted 00:03:50 (3298 turns).

timneilson the Shield-Bearer (Gargoyle Fighter)     Turns: 3298, Time: 00:03:50

Health: -1/33      AC: 12    Str: 20    XL:     5   Next: 46%
Magic:  5/5        EV: 11    Int:  9    God:
Gold:   188        SH:  8    Dex:  9    Spells: 4/4 levels left

rFire   . . .      SeeInvis .   a - +0 long sword
rCold   . . .      Faith    .   i - +0 kite shield
rNeg    + . .      Spirit   .   b - +0 scale mail
rPois   ∞          Reflect  .   f - +0 helmet
rElec   +          Harm     .   (no cloak)
rCorr   .          Rampage  .   (no gloves)
Will    .....                   (no boots)
Stlth   ..........              (no amulet)
HPRegen 0.11/turn               k - +4 ring of evasion
MPRegen 0.09/turn               (no ring)

@: no status effects
A: sickness immunity, AC +4, negative energy resistance 1, electricity
resistance, torment resistance 1, petrification resistance
a: no special abilities


You were on level 4 of the Dungeon.
You visited 1 branch of the dungeon, and saw 4 of its levels.

You collected 188 gold pieces.

Inventory:

Hand Weapons
 a - a +0 long sword (weapon)
Armour
 b - a +0 scale mail (worn)
 f - a +0 helmet (worn)
 i - a +0 kite shield (worn)
Jewellery
 k - a +4 ring of evasion (left hand)
Wands
 d - a wand of polymorph (3)
Scrolls
 g - 2 scrolls of holy word
Potions
 c - a potion of brilliance {unknown}
 e - 2 potions of flight {unknown}
 h - a potion of haste {unknown}
 j - a potion of curing


   Skills:
 + Level 3.8 Fighting
 * Level 2.9 Long Blades
 * Level 4.4 Armour
 * Level 4.5 Shields
 + Level 0.3 Evocations


You had 4 spell levels left.
You didn't know any spells.
Your spell library contained the following spells:

 Spells                   Type           Power      Damage    Failure   Level
 Animate Skeleton         Necr           0%         N/A       99%         1
 Apportation              Tloc           0%         N/A       99%         1
 Summon Small Mammal      Summ           0%         N/A       99%         1


Dungeon Overview and Level Annotations

Branches:
Dungeon (4/15)
 Temple: D:4-7

Altars:
Gozag
Makhleb
Nemelex Xobeh
Uskayaw
Xom
Yredelemnul


Innate Abilities, Weirdness & Mutations

You are immune to sickness and miasma.
Your stone body is resilient. (AC +4)
You are immune to poison.
You resist negative energy. (rN+)
You are resistant to electric shocks. (rElec)
You are resistant to unholy torment.
You are immune to petrification.


Message History

You slash the hound!
You kill the hound!
You block the orc's attack.
An endoplasm, an orc priest and a skeleton come into view.
Found three altars.
The endoplasm quivers.
The orc priest shouts!
You hear a shout! x2
You block the orc's attack.
The orc priest invokes the aid of Beogh against you.
Beogh smites you!
The adder skeleton moves out of view.
An orc comes into view. It is wielding a +0 hand axe.
Things that are here:
a +0 club; a goblin corpse You block the orc's attack.
The orc moves out of view.
The orc priest calls down the wrath of Beogh upon you.
Beogh smites you!
You hear a shout!
The orc hits you but does no damage.
You hit the orc.
The orc is almost dead.
You block the orc's attack.
You slash the orc!
You kill the orc!
You slash the endoplasm!
You kill the endoplasm!
You closely miss the orc priest.
The orc priest miscasts a cantrip.
You slash the orc priest!
The orc priest is severely wounded.
The orc priest hits you but does no damage. x2
You hit the orc priest.
The orc priest is almost dead.
You block the orc priest's attack.
The orc priest invokes the aid of Beogh against you.
Pain shoots through your body!
You hit the orc priest but do no damage.
The orc priest is almost dead.
The orc priest mumbles some strange prayers to Beogh against you.
Beogh smites you!
You die...

## #.# #.#
#.# #.# #.#
#.# #.# #.#
#.# #.#
###.######.##
#...........#
#.#o#########
#o#@# #.#.#
#.#.# #J#.#
_..._.o.#.#
..J.....#.#
o.8.._..#.#
......:##.#
_..._.# #.#


You could see an orc priest.

Vanquished Creatures
  2 hounds
  Terence (D:3)
  Robin (D:3)
  An adder (D:2)
  A dart slug (D:2)
  5 orcs
  5 bats
  3 endoplasms
  2 giant cockroaches (D:2)
  9 goblins
  5 hobgoblins
  4 jackals (D:2)
  A kobold (D:1)
  2 quokkas
  6 ball pythons
  3 frilled lizards
  3 rats
54 creatures vanquished.

Notes
Turn   | Place    | Note
-------+----------+-------------------------------------------
     0 | D:1      | timneilson the Gargoyle Fighter began the quest for the
                  | Orb.
     0 | D:1      | Reached XP level 1. HP: 14/14 MP: 1/1
   314 | D:1      | Noticed a great orb of eyes
   317 | D:1      | Found a faded altar of an unknown god.
   318 | D:1      | Noticed a floating eye
   318 | D:1      | Noticed a golden eye
   318 | D:1      | Noticed an eye of devastation
   323 | D:1      | Reached XP level 2. HP: 19/19 MP: 2/2
   344 | D:1      | You fall into a shaft and drop 1 floor!
   405 | D:2      | Reached XP level 3. HP: 23/23 MP: 3/3
  1945 | D:3      | Noticed Robin
  1966 | D:3      | Killed Robin
  1967 | D:3      | Reached XP level 4. HP: 16/28 MP: 4/4
  2273 | D:3      | Noticed Terence
  2283 | D:3      | Killed Terence
  2481 | D:3      | Reached XP level 5. HP: 26/33 MP: 5/5
  3272 | D:4      | Found a hide-covered altar of Uskayaw.
  3272 | D:4      | Found an opulent altar of Gozag.
  3273 | D:4      | Found a shimmering altar of Xom.
  3282 | D:4      | Found a basalt altar of Yredelemnul.
  3282 | D:4      | Found a sparkling altar of Nemelex Xobeh.
  3282 | D:4      | Found a burning altar of Makhleb.
  3298 | D:4      | Killed from afar by an orc priest

Illustrated notes

Levels and vault maps discovered:
D:1:      dpeg_arrival_oval, layout_basic, serial_corexii_hall,
          chequers_hall_statues_wall_a, corexii_hall_statues_l,
          hellmonk_ecumenical_altar_watching_god
D:2:      layout_basic
D:3:      layout_loops_corners, minivault_23, uniq_terence, uniq_robin
D:4:      minmay_door_path, layout_basic, grunt_temple_overflow_open,
          fountainhead

Skill      XL: |  1  2  3  4 |
---------------+-------------+-----
Long Blades    | 2 |  2.9
Shields        | 4 |  4.5
Armour         | 4 |  4.4
Fighting       | |  3.8
Evocations     | |  0.3

Action                   |  1- 3 |  4- 6 || total
-------------------------+-------+-------++-------
Melee: Long sword        |   114 |    76 ||   190
  Use: Scroll            |     4 |       ||     4
       Potion            |     3 |       ||     3
Armor: Scale mail        |    63 |    29 ||    92
Dodge: Dodged            |    50 |    32 ||    82
Block: Buckler           |    21 |       ||    21
       Kite shield       |    31 |    42 ||    73

Table legend: (Time is in decaauts)
 A = Elapsed time spent in this place.
 B = Non-inter-level travel time spent in this place.
 C = Inter-level travel time spent in this place.
 D = Time resting spent in this place.
 E = Time spent auto-exploring this place.
 F = Levels seen in this place.
 G = Mean time per level.
                   A        B        C        D        E       F      G
               +--------+--------+--------+--------+--------+-----+--------+
         Total |   3378 |   3249 |    129 |     32 |   2726 |   4 |  844.5 |
       Dungeon |   3378 |   3249 |    129 |     32 |   2726 |   4 |  844.5 |
               +--------+--------+--------+--------+--------+-----+--------+

Top non-repeatable levels by time:
     D:3: 1228 daAuts
     D:2: 960 daAuts
     D:1: 930 daAuts
     D:4: 259 daAuts
